 Dungeon Crawl Stone Soup version 0.19-a0-1697-g0595f0e (webtiles) character file.

2116 Amnesiac the Basher (level 9, 96/96 HPs)
             Began as an Ogre Gladiator on Sept 26, 2016.
             Was an Initiate of Gozag.
             Quit the game on level 7 of the Dungeon.
             The game lasted 00:07:00 (5213 turns).

Amnesiac the Basher (Ogre Gladiator)                Turns: 5213, Time: 00:07:00

Health: 96/96      AC:  6    Str: 22    XL:     9   Next: 29%
Magic:  9/9        EV: 13    Int:  7    God:    Gozag
Gold:   174        SH:  0    Dex: 13    Spells: 0 memorised, 8 levels left

rFire  . . .     SeeInvis .     j - +1 whip (drain)
rCold  . . .     Gourm    .     b - +0 robe
rNeg   . . .     Faith    .     (no shield)
rPois  .         Spirit   .     c - +0 hat
rElec  .         Dismiss  .     y - +1 cloak {+Inv}
rCorr  .         Reflect  .     (gloves unavailable)
MR     .....     Harm     .     (boots unavailable)
Stlth  ++........               A - amulet of rage
                                (no ring)
                                z - ring of stealth

@: no status effects
A: unfitting armour, tough skin 1
a: Potion Petition, Call Merchant, Bribe Branch, Renounce Religion, Evoke
Berserk Rage, Evoke Invisibility


You were on level 7 of the Dungeon.
You worshipped Gozag.
Gozag was aware of your devotion.
You were not hungry.

You visited 1 branch of the dungeon, and saw 7 of its levels.

You collected 1022 gold pieces.
You paid 848 gold pieces to Gozag.

Inventory:

Hand Weapons
 j - a +1 whip of draining (weapon)
 F - a +0 giant club
 G - a +0 giant spiked club
Missiles
 d - 3 throwing nets
 s - 5 large rocks (quivered)
Armour
 b - a +0 robe (worn)
 c - a +0 hat (worn)
 y - a +1 cloak of invisibility (worn)
Jewellery
 v - an uncursed amulet of harm
 z - a ring of stealth (left hand)
 A - an amulet of rage (around neck)
Wands
 K - a wand of random effects (23/48)
 L - a wand of flame (32/48)
Scrolls
 a - 3 scrolls of recharging {unknown}
 h - 4 scrolls of teleportation {unknown}
 i - 3 scrolls of blinking {unknown}
 l - 7 scrolls of identify {unknown}
 m - a scroll of immolation {unknown}
 n - 3 scrolls of enchant armour {unknown}
 o - a scroll of remove curse {unknown}
 r - a scroll of amnesia {unknown}
 w - a scroll of fear {unknown}
 C - 2 scrolls of random uselessness {unknown}
 I - a scroll of vulnerability {unknown}
Potions
 e - 2 potions of haste
 g - 2 potions of degeneration {unknown}
 k - 2 potions of curing {unknown}
 p - 3 potions of resistance {unknown}
 q - a potion of agility {unknown}
 t - 2 potions of heal wounds {unknown}
 u - 2 potions of mutation {unknown}
 B - 3 potions of lignification {unknown}
 D - 2 potions of flight {unknown}
 H - a potion of magic {unknown}
Books
 E - a book of the Dragon

   Spells                             Type                      Level
   a - Flame Tongue                   Conjuration/Fire             1
   b - Cause Fear                     Hexes                        4
   c - Bolt of Fire                   Conjuration/Fire             6
   d - Dragon Form                    Transmutation                7
   e - Dragon's Call                  Summoning                    9
Comestibles
 f - 3 bread rations
 x - a beef jerky
 J - 2 meat rations


   Skills:
 + Level 8.3 Fighting
 * Level 11.5 Maces & Flails
 - Level 2.0 Throwing
 + Level 6.0 Dodging


You had 8 spell levels left.
You didn't know any spells.

Dungeon Overview and Level Annotations

Branches:
Dungeon (7/15)             Temple (0/1) D:5

Altars:
Cheibriados
Elyvilon
Gozag
Hepliaklqana
Kikubaaqudgha
Nemelex Xobeh
Okawaru
Qazlal
Ru
Sif Muna
Trog
Vehumet
Yredelemnul
The Shining One

Shops:
D:5 [   D:6 *


Innate Abilities, Weirdness & Mutations

You are too large for most types of armour.
You have tough skin. (AC +1)


Message History

The scorpion barely misses you.
You closely miss the scorpion.
The scorpion is heavily wounded.
You hit the scorpion.
The scorpion is severely wounded.
The scorpion closely misses you.
You whack the scorpion!
You kill the scorpion!
No target in view!
No target in view!
No target in view!
No target in view!
No target in view!
No target in view!
You now have 161 gold pieces (gained 5).
K - a wand of random effects You now have 174 gold pieces (gained 13).
L - a wand of flame
Found an escape hatch in the ceiling.
Are you sure you want to abandon this character and quit the game? (Confirm with "yes".)

................
#.............. .
#.............. ..
#####.......... !..
#.......... ....
+..........
.....#########..........
................###+###.
.....?.@........+ #.
<...............# #.
................# #.
...###+#######+## #.. ..
#.. . +.. #.. #..


There were no monsters in sight!

Vanquished Creatures
  Pikel (D:5)
  Sigmund (D:2)
  2 black bears (D:6)
  2 ice beasts
  3 ogres
  A centaur (D:6)
  Blork the orc (D:4)
  2 scorpions
  3 howler monkeys
  2 crimson imps (D:5)
  A hound (D:6)
  An orc priest (D:3)
  3 orc wizards
  Crazy Yiuf (D:3)
  A bullfrog skeleton (D:6)
  A centaur skeleton (D:4)
  An iguana (D:4)
  3 worker ants
  7 adders
  A shadow imp (D:5)
  An ooze (D:1)
  3 worms
  2 leopard geckos
  7 orcs
  2 bats
  3 giant cockroaches
  2 gnoll zombies (D:5)
  4 goblins
  9 hobgoblins
  15 jackals
  4 kobolds
  2 quokkas
  2 ball pythons
  8 frilled lizards
  10 rats
112 creatures vanquished.

Vanquished Creatures (others)
  A sky beast (D:5)
  An orc wizard (D:5)
  An adder (D:5)
  An adder zombie (D:5)
  An orc (D:5)
5 creatures vanquished.

Grand Total: 117 creatures vanquished

Notes
Turn   | Place    | Note
-------+----------+-------------------------------------------
     0 | D:1      | Amnesiac the Ogre Gladiator began the quest for the Orb.
     0 | D:1      | Reached XP level 1. HP: 22/22 MP: 1/1
    71 | D:1      | Reached XP level 2. HP: 25/29 MP: 2/2
   228 | D:2      | Found a sacrificial altar of Ru.
   274 | D:3      | Found an iron altar of Okawaru.
   318 | D:3      | Reached XP level 3. HP: 21/37 MP: 3/3
   323 | D:3      | Reached skill level 5 in Maces & Flails
   357 | D:3      | Found an opulent altar of Gozag.
   574 | D:3      | Became a worshipper of Gozag Ym Sagoz the Greedy
   576 | D:3      | Reached XP level 4. HP: 45/45 MP: 4/4
   611 | D:3      | Found a glowing golden altar of the Shining One.
   611 | D:3      | Found a stormy altar of Qazlal.
   613 | D:3      | Found a bloodstained altar of Trog.
   613 | D:3      | Found a hazy altar of Hepliaklqana.
   616 | D:3      | Found a sparkling altar of Nemelex Xobeh.
  1503 | D:2      | Noticed Sigmund
  1519 | D:2      | Killed Sigmund
  1519 | D:2      | Reached skill level 6 in Maces & Flails
  1519 | D:2      | Reached XP level 5. HP: 11/55 MP: 5/5
  1519 | D:2      | Reached XP level 6. HP: 12/63 MP: 6/6
  1776 | D:2      | Found a deep blue altar of Sif Muna.
  2210 | D:3      | Found a faded altar of an unknown god.
  2228 | D:3      | Reached skill level 7 in Maces & Flails
  2283 | D:3      | Found a runed door.
  2452 | D:3      | Noticed Crazy Yiuf
  2464 | D:3      | Killed Crazy Yiuf
  2583 | D:4      | Noticed Blork the orc
  2601 | D:4      | Killed Blork the orc
  2601 | D:4      | Reached skill level 5 in Fighting
  2606 | D:4      | Reached XP level 7. HP: 39/72 MP: 7/7
  2621 | D:4      | Found a snail-covered altar of Cheibriados.
  2880 | D:4      | Reached skill level 8 in Maces & Flails
  3369 | D:5      | Entered Level 5 of the Dungeon
  3383 | D:5      | Noticed Pikel
  3431 | D:5      | Killed Pikel
  3431 | D:5      | Reached skill level 9 in Maces & Flails
  3431 | D:5      | Reached skill level 5 in Dodging
  3431 | D:5      | Reached XP level 8. HP: 44/84 MP: 8/8
  3700 | D:5      | Reached skill level 10 in Maces & Flails
  4063 | D:5      | Found a basalt altar of Yredelemnul.
  4090 | D:5      | Found Getosain's Armour Emporium.
  4139 | D:5      | Found a staircase to the Ecumenical Temple.
  4146 | D:5      | Found a white marble altar of Elyvilon.
  4611 | D:6      | Found a bloodstained altar of Trog.
  4640 | D:6      | Reached skill level 11 in Maces & Flails
  4640 | D:6      | Reached XP level 9. HP: 86/96 MP: 9/9
  4783 | D:6      | Found an ancient bone altar of Kikubaaqudgha.
  4801 | D:6      | Found a radiant altar of Vehumet.
  5213 | D:7      | Quit the game

Vault maps used:
D:1:      lightli_arrival_quake
D:2:      nicolae_ru_awakened_eye, first_bread, led_sif_pool, uniq_sigmund
D:3:      grunt_temple_overflow_open, lemuel_round_altar, ecumenical_altar_2,
          grunt_gozag_breadcrumbs, uniq_crazy_yiuf_cottage
D:4:      cheibriados_altar_1, uniq_blork_the_orc
D:5:      kennysheep_mini, lemuel_zombie_altar_yredelemnul, serial_shops,
          nicolae_shop_waterfront, uniq_pikel
D:6:      minitemple, minivault_23, trog_ov_bears_minmay
D:7:      cheibrodos_shockbox, serial_shops, nicolae_shop_window_shopping

Skill      XL: |  1  2  3  4  5  6  7  8  9 |
---------------+----------------------------+-----
Dodging        | 3 4 5 6 |  6.0
Fighting       | 3 4 5 6 7 8 |  8.3
Maces & Flails | 5 6 7 9 11 | 11.5
Throwing       | |  2.0

Action                   |  1- 3 |  4- 6 |  7- 9 || total
-------------------------+-------+-------+-------++-------
Melee: Flail             |    25 |       |       ||    25
       Whip              |    66 |   132 |   203 ||   401
       Giant club        |       |       |    26 ||    26
Throw: Large rock        |       |       |     2 ||     2
Invok: Call Merchant     |       |       |     1 ||     1
 Stab: Sleeping          |     1 |       |     4 ||     5
       Distracted        |       |       |     2 ||     2
  Eat: Fruit             |       |     4 |       ||     4
       Royal jelly       |       |     1 |       ||     1
       Bread ration      |       |       |     2 ||     2
       Pizza             |       |       |     1 ||     1
Armor: Robe              |    30 |    28 |    42 ||   100
Dodge: Dodged            |    47 |    48 |   100 ||   195
